 Dungeon Crawl Stone Soup version 0.31.0-1-g2c135a008e (webtiles) character file.

Game seed: 5058728960197360895

28 qw the Shooter (level 3, -5/28 HPs)
             Began as a Djinni Hunter on Jan 23, 2024.
             Slain by a gnoll
             ... wielding a +0 spear
              (7 damage)
             ... on level 2 of the Dungeon.
             The game lasted 00:00:06 (1304 turns).

qw the Shooter (Djinni Hunter)                      Turns: 1304, Time: 00:00:07

Health: -5/28      AC:  3    Str: 10    XL:     3   Next: 27%
Gold:   55         EV: 12    Int: 10    God:
                   SH:  0    Dex: 18

rFire   + + +        a - +1 shortbow
rCold   . . .        (shield currently unavailable)
rNeg    . . .        c - +0 leather armour
rPois   inf          (no helmet)
rElec   .            b - scarf {rC+ rF+}
rCorr   .            (no gloves)
SInv    .            (boots unavailable)
Will    .....        (no amulet)
Stlth   ++           (no ring)
HPRegen 0.24/turn    (no ring)
MPRegen 0.00/turn

%: infuse magic (-6 HP)
@: flying
A: sickness immunity, fire resistance 2, cold vulnerability 1, float, innate
caster, HP casting, extra vitality 1
a: no special abilities


You were on level 2 of the Dungeon.
You visited 1 branch of the dungeon, and saw 2 of its levels.

You collected 55 gold pieces.


Innate Abilities, Weirdness & Mutations

You are immune to sickness and miasma.
You are immune to poison.
Your flesh is very heat resistant. (rF++)
You are vulnerable to cold. (rC-)
You float through the air rather than walking.
You learn spells naturally, not from books.
Your magical power is your life essence.
You have superior vitality. (+4 MHP)


   Skills:
 + Level 2.2 Fighting
 - Level 4.0 Ranged Weapons
 - Level 2.1 Dodging
 - Level 0.7 Stealth


You knew the following spells:

 Your Spells              Type           Power      Damage    Failure   Level
a - Necrotise             Necr           0%         1d4       45%         1
Your spell library was empty.

Inventory:

Hand Weapons
 a - a +1 shortbow (weapon)
Armour
 b - a scarf of resistance (worn)
 c - a +0 leather armour (worn)
Jewellery
 j - an amulet of faith
Scrolls
 i - a scroll of silence {unknown}
 k - a scroll of amnesia {unknown}
 l - a scroll of identify
Potions
 d - a potion of mutation {unknown}
 e - a potion of curing {unknown}
 f - a potion of might
 g - a potion of lignification {unknown}
 h - 2 potions of heal wounds {unknown}

Dungeon Overview and Level Annotations

Branches:
Dungeon (2/15)

Altars:

Shops:
D:1 [   D:2 ?


Message History

h - 2 bubbling coppery potions (gained 1)
A gnoll comes into view. It is wielding a +0 spear.
You shoot an arrow.
The arrow hits the gnoll but does no damage.
The gnoll shouts!
A gnoll comes into view. It is wielding a +0 halberd.
You shoot an arrow. The gnoll shouts!
The arrow hits the gnoll.
The gnoll is lightly wounded.
You hear a shout!
A gnoll comes into view. It is wielding a +0 spear.
You shoot an arrow. The arrow completely misses the gnoll.
You shoot an arrow. The arrow hits the gnoll.
The gnoll is moderately wounded.
Enter note:
Enter note:
Enter note:
Enter note: You shoot an arrow.
The arrow hits the gnoll.
The gnoll is moderately wounded.
The gnoll barely misses you.
You shoot an arrow. The arrow completely misses the gnoll.
The gnoll closely misses you.
You shoot an arrow. The arrow barely misses the gnoll.
The gnoll hits you but does no damage.
You shoot an arrow. The arrow hits the gnoll.
The gnoll is heavily wounded.
You shoot an arrow. The arrow closely misses the gnoll.
The arrow hits the gnoll!
The gnoll is almost dead.
The gnoll hits you from afar with a +0 halberd!
The gnoll barely misses you. The gnoll hits you but does no damage.
You shoot an arrow.
The arrow hits the gnoll but does no damage.
The gnoll is almost dead.
The gnoll hits you from afar with a +0 spear!
The gnoll hits you from afar with a +0 halberd!
The gnoll hits you from afar with a +0 spear!
You die...

#........ ##...#..#
.......#...
######.###.. ..# #.#
### #.# ##+## #
#.###...##
#.#######.##.....##
#..@......#.......##
#.#...####.......>.#
#.ggg....+.........'
#.......####.........#
#.#.##.## ##.......##
# #. ..# ##....(##
#....# ##...## . ...#
##+##


You could see 3 gnolls.

Vanquished Creatures
  An adder (D:2)
  3 ball pythons
  3 bats
  2 endoplasms (D:1)
  A goblin (D:2)
  A hobgoblin (D:1)
  2 kobolds
  A quokka (D:2)
  A frilled lizard (D:1)
  3 rats
18 creatures vanquished.

Notes
Turn   | Place    | Note
-------+----------+-------------------------------------------
     0 | D:1      | qw the Djinni Hunter began the quest for the Orb.
     0 | D:1      | Reached XP level 1. HP: 18/18 MP: 0/0
     0 | D:1      | 0 ||| qw: Version: 0.3-a-134-g2ba4250
     0 | D:1      | 0 ||| qw: Game counter: 683
     0 | D:1      | 0 ||| qw: Melee chars always use a shield: true
     0 | D:1      | 0 ||| qw: God list: Okawaru
     0 | D:1      | 0 ||| qw: Allow faded altars: false
     0 | D:1      | 0 ||| qw: Do Orc after clearing Dungeon:15 true
     0 | D:1      | 0 ||| qw: Do second Lair branch before Depths: true
     0 | D:1      | 0 ||| qw: Lair rune preference: random
     0 | D:1      | 0 ||| qw: Goals: Normal
     0 | D:1      | 0 ||| PLANNING D:1-11
   130 | D:1      | 130 ||| READING scroll labelled HEM ZOMMA JUFE.
   130 | D:1      | 130 ||| ENCHANTING +0 shortbow.
   131 | D:1      | 131 ||| READING scroll labelled OTUMI BU DONG.
   131 | D:1      | 131 ||| IDENTIFYING cyan potion
   132 | D:1      | 132 ||| DROPPING scroll of butterflies.
   136 | D:1      | Reached XP level 2. HP: 23/23 MP: 0/0
   364 | D:1      | Found a faded altar of an unknown god.
   549 | D:1      | Found Lammi's Antique Armour Shoppe.
   557 | D:1      | 557 ||| SHOPLISTING glowing cloak (172 gold, have 9).
   557 | D:1      | 557 ||| SHOPLISTING ring mail (92 gold, have 9).
   557 | D:1      | 557 ||| SHOPLISTING runed cloak (172 gold, have 9).
   680 | D:1      | 680 ||| UPGRADING to scarf of resistance.
   744 | D:2      | Found Eginn's Magic Scroll Shoppe.
   753 | D:2      | 753 ||| SHOPLISTING scroll of identify (28 gold, have 9).
  1035 | D:2      | Reached skill level 4 in Ranged Weapons
  1035 | D:2      | Reached XP level 3. HP: 24/28 MP: 0/0
  1035 | D:2      | Learned a level 1 spell: Necrotise
  1304 | D:2      | HP: 2/28 [gnoll/+0 halberd (9)]
  1304 | D:2      | Slain by a gnoll

Levels and vault maps discovered:
D:1:      enne_arrival_octagon_isle, layout_basic,
          shapermc_ecumenical_altar_rom_forum, serial_shops, shop,
          nicolae_the_louvre
D:2:      layout_loops_corners, serial_shops, shop

Skill      XL: |  1  2 |
---------------+-------+-----
Ranged Weapons | 4 |  4.0
Fighting       | |  2.2
Dodging        | |  2.1
Stealth        | |  0.7

Action                     || total
---------------------------++-------
   Fire: Shortbow          ||    67
    Use: Scroll            ||     2
 Armour: Leather armour    ||    22
  Dodge: Dodged            ||    18

Table legend:
 A = Non-vault XP
 B = Vault XP
 C = Vault XP percentage of total XP
 D = Non-vault monster count
 E = Vault monster count
 F = Vault count percentage of total count
                 A         B        C        D         E       F
            +---------+---------+-------+---------+---------+-------
      Total |      40 |       0 |   0.0 |      18 |       0 |   0.0
            +---------+---------+-------+---------+---------+-------
        D:1 |      14 |       0 |   0.0 |       8 |       0 |   0.0
        D:2 |      26 |       0 |   0.0 |      10 |       0 |   0.0
            +---------+---------+-------+---------+---------+-------
